 Dungeon Crawl Stone Soup version 0.19-a0-1896-g611e798 (webtiles) character file.

91 Daonar the Ruffian (level 4, -4/36 HPs)
             Began as a Draconian Transmuter on Oct 18, 2016.
             Killed from afar by an orc wizard (6 damage)
             ... with a magic dart
             ... on level 2 of the Dungeon.
             The game lasted 00:17:59 (2037 turns).

Daonar the Ruffian (Draconian Transmuter)           Turns: 2037, Time: 00:17:59

Health: -4/36      AC:  5    Str: 14    XL:     4   Next: 33%
Magic:  0/16       EV: 12    Int: 13    God:
Gold:   60         SH:  0    Dex: 11    Spells: 2 memorised, 3 levels left

rFire  . . .     SeeInvis .       - Unarmed
rCold  + . .     Gourm    .     (armour unavailable)
rNeg   . . .     Faith    .     (no shield)
rPois  .         Spirit   +     (helmet restricted)
rElec  .         Reflect  .     (no cloak)
rCorr  .         Harm     .     (no gloves)
MR     .....                    (no boots)
Stlth  +.........               g - amulet of guardian spirit
                                l - ring of protection from cold
                                k - ring of magical power

@: no status effects
A: unfitting armour, cold-blooded, AC +5
a: no special abilities


You were on level 2 of the Dungeon.
You were not hungry.

You visited 1 branch of the dungeon, and saw 3 of its levels.

You collected 60 gold pieces.

Inventory:

Missiles
 a - 107 arrows
Jewellery
 g - an amulet of guardian spirit (around neck)
 k - a ring of magical power (left hand)
 l - a ring of protection from cold (right hand)
 m - a cursed ring of teleportation {unknown}
Scrolls
 d - 3 scrolls of teleportation {unknown}
 e - a scroll of fear {unknown}
 h - a scroll of noise {unknown}
 o - 3 scrolls of identify {unknown}
 p - a scroll of enchant weapon {unknown}
 q - a scroll of blinking {unknown}
Potions
 n - a potion of degeneration {unknown}
 r - a potion of agility {unknown}
 t - a potion of berserk rage {unknown}
Books
 b - a book of Changes

   Spells                             Type                      Level
   a - Beastly Appendage              Transmutation                1
   b - Sticks to Snakes               Transmutation                2
   c - Spider Form                    Transmutation/Poison         3
   d - Ice Form                       Ice/Transmutation            4
   e - Blade Hands                    Transmutation                5
Comestibles
 c - 2 bread rations
 f - a royal jelly
 j - 2 fruits
 s - 2 chunks of flesh


   Skills:
 + Level 2.2 Fighting
 - Level 1.7 Dodging
 + Level 4.2 Unarmed Combat
 + Level 2.3 Spellcasting
 + Level 2.4 Transmutations


You had 3 spell levels left.
You knew the following spells:

 Your Spells              Type           Power        Failure   Level  Hunger
a - Beastly Appendage     Tmut           #.....       10%         1    #......
b - Spider Form           Tmut/Pois      #.........   52%         3    ###....


Dungeon Overview and Level Annotations

Branches:
Dungeon (3/15)

Altars:
Hepliaklqana


Innate Abilities, Weirdness & Mutations

Your plain brown scales are hard. (AC +5)
You cannot fit into any form of body armour.
You are cold-blooded and may be slowed by cold attacks.


Message History

You feel less confused.
The orc wizard points at you and mumbles some strange words.
The magic dart hits you!
You closely miss the orc wizard.
The orc wizard is moderately wounded.
The orc wizard hits you but does no damage.
You punch the orc wizard!
The orc wizard is severely wounded.
The orc wizard hits you but does no damage.
You completely miss the orc wizard.
The orc wizard is severely wounded.
The orc wizard hits you but does no damage.
You barely miss the orc wizard.
The orc wizard is severely wounded.
The orc wizard misses you.
You closely miss the orc wizard.
The orc wizard is severely wounded.
The orc wizard casts a spell at you. The magic dart hits you!
You die...

#.###..(..# #.#.._..##
#.# #.....# #.#.#.####
#.# ###.### #.#...# #
#>#####.########.##.##
#.##................#
#.##.........###.####
#.##.......#..##.#
#..)......###.##.#
####....@(>#..##.####
#....o)..........#
#........#......<###
####[##............#
#..>....#....)..#.#
#...##.##.......#.#
#.####.##.......#.#
#.# #.##....)..#.# #.#
#.######.###.#


You could see an orc wizard.

Vanquished Creatures
  2 adders (D:2)
  3 worms (D:2)
  A dart slug (D:1)
  4 leopard geckos
  5 orcs
  A bat (D:2)
  3 giant cockroaches
  6 goblins
  5 hobgoblins
  4 jackals (D:1)
  6 kobolds
  A ball python (D:2)
  4 frilled lizards
  6 rats
51 creatures vanquished.

Vanquished Creatures (others)
  4 toadstools (D:1)
4 creatures vanquished.

Grand Total: 55 creatures vanquished

Notes
Turn   | Place    | Note
-------+----------+-------------------------------------------
     0 | D:1      | Daonar the Draconian Transmuter began the quest for the Orb.
     0 | D:1      | Reached XP level 1. HP: 16/16 MP: 3/3
   160 | D:1      | Reached XP level 2. HP: 23/23 MP: 5/5
   889 | D:1      | Reached XP level 3. HP: 29/29 MP: 6/6
  1072 | D:1      | Learned a level 3 spell: Spider Form
  1309 | D:2      | Reached skill level 4 in Unarmed Combat
  1346 | D:2      | Found a hazy altar of Hepliaklqana.
  1715 | D:2      | Reached XP level 4. HP: 36/36 MP: 7/7
  1965 | D:3      | Upgraded the game from 0.19-a0-1891-ge1d1fe8 to 0.19-a0-1896-g611e798
  1998 | D:3      | HP: 1/36 [fell downstairs (1)]
  2025 | D:2      | HP: 1/36 [orc wizard/magic dart (2)]
  2037 | D:2      | Killed from afar by an orc wizard

Vault maps used:
D:1:      ldierk_walled_garden_2, minmay_box_of_dots
D:2:      lemuel_crystal_altar, serial_bayou_pond_a
D:3:      nicolae_tso_swordbearing_angel, dk_yredelemnul_ordeal

Skill      XL: |  1  2  3 |
---------------+----------+-----
Unarmed Combat | 4 |  4.2
Fighting       | 2 |  2.2
Dodging        | |  1.7
Spellcasting   | |  2.3
Transmutations | |  2.4

Action                   |  1- 3 |  4- 6 || total
-------------------------+-------+-------++-------
Melee: Unarmed           |   154 |    54 ||   208
       Tailslap          |    16 |     5 ||    21
       Kick              |     6 |     6 ||    12
       Punch             |     1 |       ||     1
 Cast: Beastly Appendage |     6 |     4 ||    10
       Spider Form       |     4 |     1 ||     5
  Use: Potion            |     1 |     1 ||     2
 Stab: Distracted        |     1 |       ||     1
  Eat: Chunk             |     3 |     2 ||     5
Armor: Skin              |    39 |    13 ||    52
Dodge: Dodged            |   109 |    39 ||   148
